 Dungeon Crawl Stone Soup version 0.31-a0-986-g5e6e4ef867 (webtiles) character file.

Game seed: 18055719169625591803

77 pokeman the Magician (level 4, 0/25 HPs)
             Began as a Deep Elf Hedge Wizard on Nov 16, 2023.
             Slain by a gnoll
             ... wielding a +0 halberd
              (2 damage)
             ... on level 3 of the Dungeon.
             The game lasted 00:04:14 (2366 turns).

pokeman the Magician (Deep Elf Hedge Wizard)        Turns: 2366, Time: 00:04:15

Health: 0/25       AC:  3    Str: 12    XL:     4   Next: 13%
Magic:  11/22      EV: 13    Int: 21    God:
Gold:   132        SH:  0    Dex: 19    Spells: 6/14 levels left

rFire   . . .        q - +3 flail of Umuuluck {vamp, rCorr Str+5 Dex+5}
rCold   . . .        (no shield)
rNeg    . . .        b - +0 robe
rPois   .            c - +0 hat
rElec   .            m - +0 cloak
rCorr   +            (no gloves)
SInv    .            (no boots)
Will    .....        (no amulet)
Stlth   ++           e - ring of flight
HPRegen 0.24/turn    l - ring of magical power
MPRegen 0.18/turn

%: no passive effects
@: on blink cooldown, flying, very slightly contaminated
A: no striking features
a: no special abilities


You were on level 3 of the Dungeon.
You visited 1 branch of the dungeon, and saw 3 of its levels.

You collected 132 gold pieces.

Inventory:

Hand Weapons
 q - the +3 flail of Umuuluck (weapon) {vamp, rCorr Str+5 Dex+5}
   (You found it on level 3 of the Dungeon)

   Str+5:     It affects your strength (+5).
   Dex+5:     It affects your dexterity (+5).
   rCorr:     It protects you from acid and corrosion.
Armour
 b - a +0 robe (worn)
 c - a +0 hat (worn)
 m - a +0 cloak (worn)
Jewellery
 e - a ring of flight (left hand)
 l - a ring of magical power (right hand)
 o - a +6 ring of strength
Wands
 p - a wand of flame (15)
Scrolls
 f - 4 scrolls of identify {unknown}
 g - a scroll of torment {unknown}
 j - 2 scrolls of noise {unknown}
Potions
 d - 4 potions of magic
 h - a potion of attraction {unknown}
 i - 3 potions of enlightenment {unknown}
 k - a potion of ambrosia {unknown}
 n - a potion of invisibility {unknown}


   Skills:
 + Level 1.2 Fighting
 + Level 1.1 Armour
 - Level 2.4 Dodging
 - Level 2.4 Stealth
 * Level 5.5 Spellcasting
 + Level 2.0 Conjurations
 - Level 1.1 Summonings
 - Level 1.1 Translocations


You had 6 spell levels left.
You knew the following spells:

 Your Spells              Type           Power      Damage    Failure   Level
a - Magic Dart            Conj           56%        1d5       4%          1
b - Mephitic Cloud        Conj/Pois/Air  8%         N/A       24%         3
c - Call Imp              Summ           20%        N/A       10%         2
d - Blink                 Tloc           20%        N/A       10%         2

Your spell library contained the following spells:

 Spells                   Type           Power      Damage    Failure   Level
 Searing Ray              Conj           28%        2d5       7%          2
 Slow                     Hex            20%        N/A       11%         1
 Cigotuvi's Dreadful Rot  Necr/Pois/Air  10%        N/A       16%         2
 Fulminant Prism          Conj/Hex       5%         3d7       54%         4


Dungeon Overview and Level Annotations

Branches:
Dungeon (3/15)

Altars:
Wu Jian


Message History

Ouch! That really hurt!
Casting: Magic Dart (safe; 4% risk of failure)
Confirm with . or Enter, or press ? or * to list all spells.
Aiming: Mephitic Cloud (extremely dangerous; 24% risk of failure)
Press: ? - help, Shift-Dir - straight line, f - gnoll
Aim: a gnoll, wielding a +0 halberd and quivering a throwing net (chance to affect: 91%)
You miscast Mephitic Cloud.
You are very lightly contaminated with residual magic.
Nothing appears to happen.
The gnoll barely misses you.
The gnoll hits you from afar with a +0 halberd.
Unknown command.
Casting: Mephitic Cloud (extremely dangerous; 24% risk of failure)
Confirm with . or Enter, or press ? or * to list all spells.
Aiming: Mephitic Cloud (extremely dangerous; 24% risk of failure)
Press: ? - help, Shift-Dir - straight line, p - gnoll
Okay, then.
Casting: Mephitic Cloud (extremely dangerous; 24% risk of failure)
Confirm with . or Enter, or press ? or * to list all spells.
Aiming: Mephitic Cloud (extremely dangerous; 24% risk of failure)
Press: ? - help, Shift-Dir - straight line, f - gnoll
Aim: a gnoll, wielding a +0 halberd (chance to affect: 91%)
You miscast Mephitic Cloud.
Nothing appears to happen.
The gnoll barely misses you.
The gnoll hits you from afar with a +0 halberd!
* * * LOW HITPOINT WARNING * * *
Unknown command.
Casting: Mephitic Cloud (extremely dangerous; 24% risk of failure)
Confirm with . or Enter, or press ? or * to list all spells.
You blink.
Unknown command.
Casting: Blink (safe; 10% risk of failure)
Confirm with . or Enter, or press ? or * to list all spells.
Aiming: Mephitic Cloud (extremely dangerous; 24% risk of failure)
Press: ? - help, Shift-Dir - straight line, f - gnoll, p - gnoll
Aim: a gnoll, wielding a +0 club and quivering a throwing net (chance to affect: 91%)
The ball explodes into a vile cloud!
The stinking cloud engulfs the gnoll but does no damage. x2
The gnoll is engulfed in noxious fumes.
The gnoll appears confused.
The gnoll hits you from afar with a +0 halberd.
You die...

.... ###.....)....#
...# ##............#
########..#..........#
.........#...........#
#....#####...##.######
#.##.# #.#.##.# #.##.#
#.#....###### #.##.#
#.#.........# #.##.#
#.#....@...)# .....#
#.#.○○○.....# ..####
#.#..☼g###### ..#
####.#.g☼g......# ...
.......§........#
................#
#####.#.........#
#.#>........# #
###########


You could see 3 gnolls.

Vanquished Creatures
  3 adders
  A dart slug (D:2)
  6 endoplasms
  4 giant cockroaches (D:1)
  3 goblins (D:1)
  4 hobgoblins (D:1)
  3 jackals (D:3)
  4 ball pythons
  6 bats
  2 frilled lizards (D:3)
  7 kobolds
  2 rats
45 creatures vanquished.

Notes
Turn   | Place    | Note
-------+----------+-------------------------------------------
     0 | D:1      | pokeman the Deep Elf Hedge Wizard began the quest for the
                  | Orb.
     0 | D:1      | Reached XP level 1. HP: 10/10 MP: 7/7
   298 | D:1      | Reached XP level 2. HP: 15/15 MP: 6/9
  1028 | D:1      | Reached skill level 5 in Spellcasting
  1434 | D:2      | Reached XP level 3. HP: 20/20 MP: 7/11
  1438 | D:2      | Learned a level 3 spell: Mephitic Cloud
  1441 | D:2      | Learned a level 2 spell: Call Imp
  1444 | D:2      | Learned a level 2 spell: Blink
  2049 | D:3      | Reached skill level 1 in Armour
  2051 | D:3      | Reached skill level 1 in Fighting
  2152 | D:3      | Found an ornate altar of the Wu Jian Council.
  2213 | D:3      | Reached XP level 4. HP: 15/25 MP: 10/13
  2349 | D:3      | Identified the +3 flail of Umuuluck {vamp, rCorr Str+5
                  | Dex+5}
  2366 | D:3      | Slain by a gnoll

Illustrated notes

Levels and vault maps discovered:
D:1:      dpeg_arrival_rooms_c, layout_loops_corners, serial_bayou_crossing
D:2:      layout_basic
D:3:      layout_rooms, mainiacjoe_overflow_brackets

Skill      XL: |  1  2  3 |
---------------+----------+-----
Spellcasting   | 5 |  5.5
Armour         | 1 |  1.1
Fighting       | 1 |  1.2
Conjurations   | 2 |  2.0
Dodging        | |  2.4
Stealth        | |  2.4
Summonings     | |  1.1
Translocations | |  1.1

Action                     |  1- 3 |  4- 6 || total
---------------------------+-------+-------++-------
  Melee: Dagger            |     1 |       ||     1
   Cast: Magic Dart        |   113 |     1 ||   114
         Mephitic Cloud    |       |     1 ||     1
         Blink             |       |     1 ||     1
   Stab: Sleeping          |     1 |       ||     1
 Armour: Robe              |    19 |     4 ||    23
  Dodge: Dodged            |     7 |     2 ||     9

Table legend: (Time is in decaauts)
 A = Elapsed time spent in this place.
 B = Non-inter-level travel time spent in this place.
 C = Inter-level travel time spent in this place.
 D = Time resting spent in this place.
 E = Time spent auto-exploring this place.
 F = Levels seen in this place.
 G = Mean time per level.
                   A        B        C        D        E       F      G
               +--------+--------+--------+--------+--------+-----+--------+
         Total |   2363 |   2311 |     52 |      0 |   2064 |   3 |  787.7 |
       Dungeon |   2363 |   2311 |     52 |      0 |   2064 |   3 |  787.7 |
               +--------+--------+--------+--------+--------+-----+--------+

Top non-repeatable levels by time:
     D:1: 1386 daAuts
     D:2: 657 daAuts
     D:3: 318 daAuts
